 Dungeon Sprint DCSS version 0.30-a0-465-g8901f6c8b5 (webtiles) character file.

Game seed: 4843823802775522097

104 rocky1 the Cudgeller (level 4, -2/30 HPs)
             Began as a Gargoyle Gladiator on Dec 19, 2022.
             Was an Initiate of Okawaru.
             Slain by Menkaure (11 damage)
             ... while paralysed by a floating eye
             ... in the Dungeon (Sprint VII: "The Pits").
             The game lasted 00:01:37 (519 turns).

rocky1 the Cudgeller (Gargoyle Gladiator)            Turns: 519, Time: 00:01:38

Health: -2/30      AC:  7    Str: 19    XL:     4   Next: 80%
Magic:  6/6        EV:  2    Int:  9    God:    Okawaru [......]
Gold:   0          SH:  0    Dex: 11    Spells: 3/3 levels left

rFire   . . .      SeeInvis .    n - +2 hand axe (freeze)
rCold   . . .      Faith    .    (no shield)
rNeg    + . .      Spirit   .    b - +0 leather armour
rPois   ∞          Reflect  .    c - +0 helmet
rElec   +          Harm     .    (no cloak)
rCorr   .          Rampage  .    (no gloves)
Will    .....      NoTele   +    (no boots)
Stlth   +.........               (no amulet)
HPRegen 0.25/turn                (no ring)
MPRegen 0.10/turn                (no ring)

@: paralysed
A: sickness immunity, AC +3, negative energy resistance 1, electricity
resistance, torment resistance 1, petrification resistance
a: Renounce Religion


You were in the Dungeon.
You worshipped Okawaru.
Okawaru was noncommittal.
You visited 1 branch

Inventory:

Hand Weapons
 a - a +0 flail
 n - a +2 hand axe of freezing (weapon)
 o - a +1 flail of protection
Missiles
 d - 2 throwing nets (quivered)
 e - a javelin
Armour
 b - a +0 leather armour (worn)
 c - a +0 helmet (worn)
Scrolls
 k - a scroll of blinking
 m - 5 scrolls of amnesia
Potions
 f - 6 potions of curing
 g - 6 potions of heal wounds
 h - a potion of haste
 i - 4 potions of magic
 j - 2 potions of berserk rage
 l - 2 potions of invisibility


   Skills:
 + Level 4.6 Fighting
 + Level 3.1(4.3) Axes
 + Level 5.1(5.6) Maces & Flails
 - Level 2.1 Throwing
 - Level 0.4 Armour
 + Level 4.3 Dodging
 + Level 3.7 Invocations


You had 3 spell levels left.
You didn't know any spells.
Your spell library was empty.

Dungeon Overview and Level Annotations

Branches:
Dungeon (1/1)

Altars:
Ashenzari
Cheibriados
Dithmenos
Elyvilon
Fedhas
Gozag
Hepliaklqana
Kikubaaqudgha
Makhleb
Nemelex Xobeh
Okawaru
Qazlal
Ru
Sif Muna
Trog
Uskayaw
Vehumet
Wu Jian
Xom
Yredelemnul
Zin
The Shining One
Jiyva
Lugonu

Annotations:
D Menkaure


Innate Abilities, Weirdness & Mutations

You are immune to sickness and miasma.
Your stone body is resilient. (AC +3)
You are immune to poison.
You resist negative energy. (rN+)
You are resistant to electric shocks. (rElec)
You are resistant to unholy torment.
You are immune to petrification.


Message History

Menkaure, Prince of Dust comes into view.
The hound misses you. The hound attacks as you move away!
The hound closely misses you. The hound attacks as you move away!
The hound bites you but does no damage. The hound completely misses you.
There is an open door here.
The hound closely misses you.
You hit the hound. You freeze the hound.
The hound is heavily wounded.
The hound barely misses you.
You closely miss the hound.
The hound is heavily wounded.
The hound bites you but does no damage. The hound misses you.
You miss the hound.
The hound is heavily wounded.
The hound bites you but does no damage.
You hit the hound. You freeze the hound.
The hound is severely wounded.
The hound barely misses you. The hound completely misses you.
You hit the hound but do no damage.
The hound is severely wounded.
You recover from your berserk rage.
The hound closely misses you. x2
You hit the hound. You freeze the hound.
The hound is almost dead.
The hound barely misses you.
You hit the hound. You freeze the hound.
You kill the hound!
Okawaru accepts your kill.
Your base Axes skill increases to level 3!
Your Maces & Flails skill increases to level 5!
Menkaure hits you!!
Ouch! That really hurt!
* * * LOW HITPOINT WARNING * * *
You completely miss Menkaure.
The floating eye gazes piercingly through you!
You suddenly lose the ability to move!
Menkaure completely misses you. The floating eye's view fixates on you.
Menkaure hits you!
You die...

#'#####'#####.....
#.#...†.#[[##.....
#.#.†...#))#####'#
#.###'###).##.....
#.#.....#))##.....
#.#.....#..##.....
#.####†##'###...<.
#.#........##.....
#@#........##.....
#M###########.....
#G......# ######
#..#.#..# #.## #
#...MG..#
#.##Z##.# #.. #
#..


You could see Menkaure and a floating eye (charged).

Vanquished Creatures
  A quasit (D)
  A hound (D)
  An adder (D)
  A river rat (D)
  2 ufetubi (D)
  An adder skeleton (D)
  A worm (D)
  A ball python (D)
  An endoplasm (D)
  2 jackals (D)
  A bat (D)
13 creatures vanquished.

Notes
Turn   | Place    | Note
-------+----------+-------------------------------------------
     0 | D        | rocky1 the Gargoyle Gladiator began the quest for the Orb.
     0 | D        | Reached XP level 1. HP: 12/12 MP: 1/1
   280 | D        | Found a bloodstained altar of Trog.
   280 | D        | Found a shimmering blue altar of Sif Muna.
   280 | D        | Found a viscous altar of Jiyva.
   280 | D        | Found a hazy altar of Hepliaklqana.
   280 | D        | Found an opulent altar of Gozag.
   281 | D        | Found a glowing golden altar of the Shining One.
   281 | D        | Found a glowing silver altar of Zin.
   281 | D        | Found a basalt altar of Yredelemnul.
   281 | D        | Found a shimmering altar of Xom.
   281 | D        | Found an ornate altar of the Wu Jian Council.
   281 | D        | Found a sacrificial altar of Ru.
   281 | D        | Found a stormy altar of Qazlal.
   281 | D        | Found an iron altar of Okawaru.
   281 | D        | Found a sparkling altar of Nemelex Xobeh.
   281 | D        | Found a burning altar of Makhleb.
   281 | D        | Found a blossoming altar of Fedhas.
   281 | D        | Found a white marble altar of Elyvilon.
   281 | D        | Found a shadowy altar of Dithmenos.
   281 | D        | Found a snail-covered altar of Cheibriados.
   284 | D        | Found a corrupted altar of Lugonu.
   284 | D        | Found a radiant altar of Vehumet.
   285 | D        | Found an ancient bone altar of Kikubaaqudgha.
   285 | D        | Found a hide-covered altar of Uskayaw.
   285 | D        | Found a broken altar of Ashenzari.
   289 | D        | Became a worshipper of Warmaster Okawaru
   328 | D        | Reached XP level 2. HP: 14/18 MP: 2/2
   350 | D        | Reached skill level 1 in Invocations
   353 | D        | Reached skill level 1 in Axes
   353 | D        | Reached skill level 4 in Maces & Flails
   384 | D        | Reached XP level 3. HP: 23/23 MP: 4/4
   464 | D        | Reached XP level 4. HP: 29/29 MP: 4/6
   504 | D        | Noticed a floating eye
   504 | D        | Noticed Menkaure
   517 | D        | Reached skill level 5 in Maces & Flails
   518 | D        | Paralysed by a floating eye for 4 turns
   519 | D        | Slain by Menkaure

Illustrated notes

Levels and vault maps discovered:
D:        pitsprint [storerooms_1, entrance_room_1, metal_vault_1, armoury_3,
          mini_pit_1, grid_room_1, main_hall_1, silver_pit, the_coven_1,
          the_vestibule_1, steel_vault_1, golden_pit, hallway_of_sentries,
          crystal_vault_1, iron_vault_3, final_vault]

Skill      XL: |  1  2  3  4 |
---------------+-------------+-----
Throwing       | 2 |  2.1
Dodging        | 3 4 |  4.3
Invocations    | 2 3 |  3.7
Fighting       | 3 4 |  4.6
Axes           | 1 2 3 |  3.1
Maces & Flails | 4 5 |  5.1
Armour         | |  0.4

Action                   |  1- 3 |  4- 6 || total
-------------------------+-------+-------++-------
Melee: Flail             |     6 |       ||     6
       Hand axe          |    37 |    12 ||    49
       Punch             |     1 |       ||     1
Throw: Throwing net      |     2 |       ||     2
  Use: Potion            |     1 |       ||     1
Armor: Leather armour    |    24 |     4 ||    28
Dodge: Dodged            |    47 |    13 ||    60

Table legend: (Time is in decaauts)
 A = Elapsed time spent in this place.
 B = Non-inter-level travel time spent in this place.
 C = Inter-level travel time spent in this place.
 D = Time resting spent in this place.
 E = Time spent auto-exploring this place.
 F = Levels seen in this place.
 G = Mean time per level.
                   A        B        C        D        E       F      G
               +--------+--------+--------+--------+--------+-----+--------+
         Total |    538 |    521 |     17 |    325 |      0 |   1 |  538.0 |
       Dungeon |    538 |    521 |     17 |    325 |      0 |   1 |  538.0 |
               +--------+--------+--------+--------+--------+-----+--------+

Top non-repeatable levels by time:
       D: 538 daAuts
